 Dungeon Crawl Stone Soup version 0.29-a0-878-g7b45a56547 (webtiles) character file.

Game seed: 6495950941772854469

2536 quixfox the Geomancer (level 9, -1/45 HPs)
             Began as a Gargoyle Earth Elementalist on July 20, 2022.
             Was a Believer of Vehumet.
             Slain by an orc warrior
             ... wielding a +0 glaive
              (16 damage)
             ... on level 7 of the Dungeon.
             The game lasted 00:16:43 (6117 turns).

quixfox the Geomancer (Gargoyle Earth Elementalist) Turns: 6117, Time: 00:16:44

Health: -1/45      AC: 11    Str: 13    XL:     9   Next: 55%
Magic:  17/20      EV: 12    Int: 23    God:    Vehumet [**....]
Gold:   285        SH:  0    Dex: 16    Spells: 11/22 levels left

rFire   x . .      SeeInvis .   r - +6 quarterstaff "Bishrustre" {vorpal, rElec rF- Will+ Int+4}
rCold   + . .      Faith    .   (shield currently unavailable)
rNeg    + . .      Spirit   .   p - +2 robe {Will+}
rPois   ∞          Reflect  .   (no helmet)
rElec   +          Harm     .   (no cloak)
rCorr   .          Rampage  .   e - +0 pair of gloves
Will    ++...                   (no boots)
Stlth   ++........              d - amulet of regeneration
HPRegen 0.95/turn               n - ring of protection from cold
MPRegen 0.17/turn               c - +6 ring of dexterity

@: about to teleport
A: sickness immunity, AC +6, negative energy resistance 1, electricity
resistance, torment resistance 1, petrification resistance
a: Renounce Religion


You were on level 7 of the Dungeon.
You worshipped Vehumet.
Vehumet was pleased with you.
You visited 1 branch of the dungeon, and saw 7 of its levels.
You also visited: Sewer.

You collected 285 gold pieces.

Inventory:

Hand Weapons
 r - the +6 quarterstaff "Bishrustre" (weapon) {vorpal, rElec rF- Will+ Int+4}
   (You found it on level 5 of the Dungeon)

   It inflicts extra damage upon your enemies.
   Int:       It affects your intelligence (+4).
   rF:        It makes you vulnerable to fire.
   rElec:     It insulates you from electricity.
   Will:      It increases your willpower.
Missiles
 o - 2 throwing nets
Armour
 e - a +0 pair of gloves (worn)
 p - a +2 robe of willpower (worn)
Jewellery
 c - a +6 ring of dexterity (right hand)
 d - an amulet of regeneration (around neck)
 n - a ring of protection from cold (left hand)
Wands
 i - a wand of mindburst (8)
Scrolls
 g - 2 scrolls of poison
 h - 5 scrolls of teleportation
 s - 2 scrolls of summoning
Potions
 a - a potion of invisibility
 b - 2 potions of magic
 f - 5 potions of attraction
 j - a potion of brilliance
 k - a potion of lignification
 l - 2 potions of haste
 m - a potion of flight {unknown}
 q - a potion of might {unknown}
 t - 3 potions of curing


   Skills:
 - Level 1.5 Dodging
 - Level 2.1 Stealth
 + Level 7.3 Spellcasting
 + Level 6.7 Conjurations
 - Level 0.7 Transmutations
 + Level 10.0 Earth Magic


You had 11 spell levels left.
You knew the following spells:

 Your Spells              Type           Power      Damage    Failure   Level
a - Sandblast             Erth           100%       2d20      1%          1
b - Stone Arrow           Conj/Erth      94%        3d12      1%          3
c - Passwall              Tmut/Erth      27%        N/A       1%          2
d - Lee's Rapid Deconstr  Erth           26%        3d15*     3%          5

Your spell library contained the following spells:

 Spells                   Type           Power      Damage    Failure   Level
 Magic Dart               Conj           100%       1d8       1%          1
 Shock                    Conj/Air       96%        1d9       1%          1
 Sting                    Tmut/Pois      40%        1d5       6%          1
 Freeze                   Ice            32%        1d5       8%          1
 Petrify                  Tmut/Erth      33%        N/A       9%          4
 Ensorcelled Hibernation  Hex/Ice        16%        N/A       11%         2
 Poisonous Vapours        Pois/Air       16%        N/A       11%         2
 Spider Form              Tmut/Pois      10%        N/A       19%         3
 Fulminant Prism          Conj/Hex       12%        3d9       19%         4
 Hailstorm                Conj/Ice       24%        3d7       19%         4
 Iskenderun's Mystic Bla  Conj/Tloc      24%        2d7       19%         4
 Frozen Ramparts          Ice            16%        1d3       22%         3
 Swiftness                Air            8%         N/A       22%         3
 Airstrike                Air            4%         0-3+      58%         4
 Anguish                  Hex/Necr       4%         N/A       58%         4
 Olgreb's Toxic Radiance  Pois           8%         N/A       58%         4


Dungeon Overview and Level Annotations

Branches:
Dungeon (7/15)              Sewer (visited)
 Temple: D:4-7

Altars:
Ashenzari
Fedhas
Hepliaklqana
Nemelex Xobeh
Okawaru
Sif Muna
Vehumet
Yredelemnul

Shops:
D:2 [   D:3 :

Annotations:
D:2 1 runed translucent door, Crazy Yiuf


Innate Abilities, Weirdness & Mutations

You are immune to sickness and miasma.
Your stone body is resilient. (AC +6)
You are immune to poison.
You resist negative energy. (rN+)
You are resistant to electric shocks. (rElec)
You are resistant to unholy torment.
You are immune to petrification.


Message History

a +0 spear; a gnoll skeleton An orc comes into view.
It is wielding a +2 vampiric hand axe.
Found a potion of haste.
An orc warrior comes into view. It is wielding a +0 glaive.
You can't see any susceptible monsters within range! (Use Z to cast anyway.)
An orc comes into view. It is wielding a +0 mace.
Found 4 stones.
The orc shouts! x2
An orc wizard comes into view. It is wielding a +0 dagger.
The blast of sand hits the orc.
The orc is severely wounded.
An orc comes into view. It is wielding a +0 hand axe.
The blast of sand hits the orc!
You kill the orc!
Vehumet accepts your kill.
The orc shouts!
A jelly comes into view.
The blast of sand hits the orc!!
You kill the orc!
Vehumet accepts your kill.
The blast of sand misses the orc warrior.
The orc warrior hits you but does no damage.
The orc warrior hits you from afar with a +0 glaive!
The jelly quivers.
The blast of sand hits the orc warrior.
The orc warrior is lightly wounded.
The orc warrior hits you from afar with a +0 glaive!!
* * * LOW HITPOINT WARNING * * *
The jelly hits you but does no damage. The orc warrior closely misses you.
As you read the scroll of teleportation, it crumbles to dust.
You feel strangely unstable. The jelly closely misses you.
The orc warrior misses you.
Aiming: Sandblast (safe; 1% risk of failure)
Press: ? - help, Q - select action, (/) - cycle Shift-Dir - straight line, f - jelly, p - orc warrior
Aim: a jelly (100% to hit)
The blast of sand hits the jelly!!
You kill the jelly!
Vehumet accepts your kill.
The orc warrior hits you from afar with a +0 glaive!
You die...

##.............
#.....)........
#....)..#######
#####.#........
######.#.#######
#....<.)..# ##+###.....#
...........########.#...
........#....oo.@.......
.....)..#....o#####.....
........#.....# ##.
........#.....####
......#.#........#
..#####.#.#....).# ..
#.#.#.....oo.. ..
...#......o.... .. ##
#..........(


You could see an orc warrior, an orc wizard and an orc.

Vanquished Creatures
  Sigmund (D:2)
  A water moccasin (D:6)
  An orc warrior (D:6)
  2 ice beasts (D:6)
  A black bear (D:5)
  A sky beast (D:7)
  3 centaurs
  An ogre (D:6)
  2 bullfrogs
  3 necrophages
  A gnoll sergeant (D:6)
  5 scorpions
  3 jellies
  4 hounds
  5 orc priests
  Jessica (D:2)
  2 iguanas (D:6)
  6 orc wizards
  A hell rat (Sewer)
  3 gnolls
  9 adders
  A river rat (Sewer)
  3 shadow imps
  4 worms
  A dart slug (D:1)
  22 orcs
  4 bats
  6 endoplasms
  2 giant cockroaches
  5 goblins
  5 hobgoblins
  11 jackals
  4 quokkas
  7 ball pythons
  7 kobolds
  10 rats
148 creatures vanquished.

Notes
Turn   | Place    | Note
-------+----------+-------------------------------------------
     0 | D:1      | quixfox the Gargoyle Earth Elementalist began the quest for
                  | the Orb.
     0 | D:1      | Reached XP level 1. HP: 10/10 MP: 3/3
   296 | D:1      | Reached skill level 4 in Earth Magic
   296 | D:1      | Reached XP level 2. HP: 15/15 MP: 3/5
   492 | D:1      | Found a faded altar of an unknown god.
  1073 | D:2      | Reached XP level 3. HP: 19/19 MP: 5/7
  1220 | D:2      | Found a runed translucent door.
  1221 | D:2      | Noticed Crazy Yiuf
  1496 | D:2      | Found Erouhur's Antique Armour Shoppe.
  1674 | D:2      | Noticed Jessica
  1677 | D:2      | Killed Jessica
  1678 | D:2      | Reached skill level 5 in Earth Magic
  1678 | D:2      | Reached XP level 4. HP: 21/24 MP: 4/8
  1785 | D:2      | Noticed Sigmund
  1792 | D:2      | Killed Sigmund
  1793 | D:2      | Reached skill level 6 in Earth Magic
  1793 | D:2      | Reached XP level 5. HP: 23/28 MP: 4/11
  1793 | D:2      | Reached XP level 6. HP: 26/32 MP: 4/12
  2279 | D:3      | Found an iron altar of Okawaru.
  2413 | D:3      | Found a glowing drain.
  2417 | Sewer    | Entered a sewer
  2644 | D:3      | Learned a level 3 spell: Stone Arrow
  2647 | D:3      | Learned a level 2 spell: Passwall
  2885 | D:3      | Found Bokkom's Book Shop.
  3058 | D:4      | Found a radiant altar of Vehumet.
  3066 | D:4      | Became a worshipper of Vehumet
  3086 | D:4      | Reached skill level 1 in Conjurations
  3128 | D:4      | Reached XP level 7. HP: 36/36 MP: 11/14
  3208 | D:4      | Reached skill level 7 in Earth Magic
  3312 | D:4      | Reached skill level 5 in Spellcasting
  3611 | D:4      | Found a shimmering blue altar of Sif Muna.
  3751 | D:4      | Reached * piety under Vehumet
  3751 | D:4      | Offered knowledge of Foxfire by Vehumet.
  4119 | D:5      | Entered Level 5 of the Dungeon
  4123 | D:5      | Identified the +6 quarterstaff "Bishrustre" {vorpal, rElec
                  | rF- Will+ Int+4}
  4172 | D:5      | Learned a level 5 spell: Lee's Rapid Deconstruction
  4187 | D:5      | Reached XP level 8. HP: 41/41 MP: 13/16
  4323 | D:5      | Reached skill level 8 in Earth Magic
  4582 | D:5      | Found a blossoming altar of Fedhas.
  4585 | D:5      | Found a hazy altar of Hepliaklqana.
  4601 | D:5      | Found a basalt altar of Yredelemnul.
  4604 | D:5      | Found a broken altar of Ashenzari.
  4636 | D:5      | Found a sparkling altar of Nemelex Xobeh.
  5229 | D:6      | Reached skill level 5 in Conjurations
  5277 | D:6      | Reached skill level 9 in Earth Magic
  5310 | D:6      | Reached XP level 9. HP: 38/45 MP: 15/19
  5962 | D:7      | Offered knowledge of Magic Dart by Vehumet.
  6081 | D:7      | Reached ** piety under Vehumet
  6082 | D:7      | Reached skill level 10 in Earth Magic
  6117 | D:7      | Slain by an orc warrior

Illustrated notes

Levels and vault maps discovered:
D:1:      heliophobic_arrival_ceremonial_halls, layout_loops_ring,
          shapermc_ecumenical_altar_mp_highgroup,
          hangedman_decor_clover_reticule
D:2:      layout_basic, serial_shops, nicolae_shop_waterfront, nicolae_titane,
          uniq_jessica, uniq_crazy_yiuf_cottage, uniq_sigmund
D:3:      layout_loops_cross, mainiacjoe_overflow_cross_hatched,
          gup_sewer_entry_bowl, serial_shops, shop_fountains,
          nicolae_elevator_lobby_plus
D:4:      layout_basic, vehumet_crystals, mainiacjoe_overflow_24_doors,
          dreamdust_wishing_well, saegor_snake_ambush
D:5:      layout_basic, mainiacjoe_overflow_surrounded_room,
          grunt_temple_overflow_cloverleaf, chequers_serial_rivers_small_b,
          hangedman_decor_push, minmay_diced_spiral
D:6:      layout_loops_ring
D:7:      layout_basic, tgw_kikubaaqudgha, amethyst_overflow_temple_binary,
          minmay_temple_entry_nine_rooms, uniq_prince_ribbit1

Skill      XL: |  1  2  3  4  5  6  7  8  9 |
---------------+----------------------------+-----
Earth Magic    | 4 5 6 7 9 10 | 10.0
Spellcasting   | 3 4 5 6 7 |  7.3
Conjurations   | 1 3 5 6 |  6.7
Dodging        | |  1.5
Stealth        | |  2.1
Transmutations | |  0.7

Action                   |  1- 3 |  4- 6 |  7- 9 || total
-------------------------+-------+-------+-------++-------
Melee: Quarterstaff      |       |       |     5 ||     5
 Cast: Sandblast         |    50 |    55 |   145 ||   250
Evoke: Wand              |       |       |     4 ||     4
  Use: Scroll            |       |     7 |    11 ||    18
Armor: Robe              |     8 |    20 |    55 ||    83
Dodge: Dodged            |    16 |    24 |    73 ||   113

Table legend: (Time is in decaauts)
 A = Elapsed time spent in this place.
 B = Non-inter-level travel time spent in this place.
 C = Inter-level travel time spent in this place.
 D = Time resting spent in this place.
 E = Time spent auto-exploring this place.
 F = Levels seen in this place.
 G = Mean time per level.
                   A        B        C        D        E       F      G
               +--------+--------+--------+--------+--------+-----+--------+
         Total |   6409 |   6258 |    151 |    632 |   4290 |   8 |  801.1 |
       Dungeon |   6226 |   6075 |    151 |    589 |   4213 |   7 |  889.4 |
         Sewer |    183 |    183 |      0 |     43 |     77 |   1 |  183.0 |
               +--------+--------+--------+--------+--------+-----+--------+

Top non-repeatable levels by time:
     D:2: 1270 daAuts
     D:4: 1180 daAuts
     D:5: 1036 daAuts
     D:1: 949 daAuts
     D:6: 880 daAuts
     D:3: 770 daAuts
   Sewer: 183 daAuts
     D:7: 139 daAuts
